 Dungeon Crawl Stone Soup version 0.27.1-35-g4d5d836560 (webtiles) character file.

Game seed: 9642823592660566993

1260 cbfl8 the Sneak (level 8, -1/69 HPs)
             Began as a Minotaur Delver on Mar 21, 2022.
             Was an Initiate of Qazlal.
             Slain by a black bear (2 damage)
             ... on level 6 of the Dungeon.
             The game lasted 00:10:05 (6593 turns).

cbfl8 the Sneak (Minotaur Delver)                   Turns: 6593, Time: 00:10:07

Health: -1/69      AC:  4    Str: 18    XL:     8   Next: 27%
Magic:  7/7        EV: 11    Int:  7    God:    Qazlal [......]
Gold:   319        SH:  4    Dex: 18    Spells: 7/7 levels left

rFire    + . .     SeeInvis .   v - +1 mace "Vezaoxom" {speed, rF+ rC++ Dex+5}
rCold    + + .     Faith    .   A - +0 buckler
rNeg     . . .     Spirit   .   y - +0 scale mail
rPois    .         Reflect  .   (helmet restricted)
rElec    .         Harm     .   x - +0 cloak
rCorr    +         Rampage  .   (no gloves)
Will     .....                  (no boots)
Stlth    ++........             (no amulet)
HPRegen  0.21/turn              d - ring of resist corrosion
MPRegen  0.10/turn              D - ring of flight

@: corroded, flying
A: horns 2, retaliatory headbutt
a: Renounce Religion


You were on level 6 of the Dungeon.
You worshipped Qazlal.
Qazlal was noncommittal.
You visited 2 branches of the dungeon, and saw 7 of its levels.

You collected 319 gold pieces.

Inventory:

Hand Weapons
 a - a +0 hand axe
 v - the +1 mace "Vezaoxom" (weapon) {speed, rF+ rC++ Dex+5}
   (You found it on level 4 of the Dungeon)

   Attacks with this weapon are significantly faster.
   Dex:       It affects your dexterity (+5).
   rF:        It protects you from fire.
   rC:        It greatly protects you from cold.
 w - a +4 quarterstaff of chaos
Armour
 b - a +0 leather armour
 i - a +0 ring mail
 x - a +0 cloak (worn)
 y - a +0 scale mail (worn)
 A - a +0 buckler (worn)
Jewellery
 d - a ring of resist corrosion (left hand)
 D - a ring of flight (right hand)
Wands
 g - a wand of digging (8)
 h - a wand of acid (9)
Scrolls
 c - a scroll of fog
 e - 3 scrolls of amnesia {unknown}
 j - 4 scrolls of teleportation {unknown}
 k - a scroll of fear
 n - a scroll of magic mapping
 o - a scroll of silence {unknown}
 p - 7 scrolls of identify {unknown}
 q - 3 scrolls of blinking {unknown}
 t - a scroll of enchant weapon {unknown}
 C - a scroll of torment {unknown}
Potions
 f - 2 potions of haste
 l - 2 potions of ambrosia {unknown}
 m - a potion of lignification {unknown}
 r - 4 potions of curing {unknown}
 s - 2 potions of flight {unknown}
 u - 2 potions of might {unknown}
 z - 2 potions of attraction {unknown}
 B - a potion of mutation {unknown}


   Skills:
 + Level 5.6 Fighting
 + Level 5.3(6.1) Axes
 + Level 4.6(5.8) Maces & Flails
 + Level 5.0 Armour
 + Level 4.5 Dodging
 + Level 5.9 Stealth
 + Level 0.6 Shields


You had 7 spell levels left.
You didn't know any spells.
Your spell library contained the following spells:

 Spells                   Type           Power      Damage    Failure   Level
 Gell's Gravitas          Tloc           0%         N/A       100%        3
 Teleport Other           Tloc           0%         N/A       100%        3
 Dispersal                Tloc           0%         N/A       100%        6


Dungeon Overview and Level Annotations

Branches:
Dungeon (6/15)             Temple (1/1) D:6

Altars:
Ashenzari
Dithmenos
Elyvilon
Fedhas
Gozag
Hepliaklqana
Kikubaaqudgha
Makhleb
Nemelex Xobeh
Okawaru
Qazlal
Ru
Sif Muna
Uskayaw
Vehumet
Wu Jian
Yredelemnul
The Shining One


Innate Abilities, Weirdness & Mutations

You have a pair of horns on your head.
You reflexively headbutt those who attack you in melee.


Message History

You block the black bear's attack. The black bear barely misses you.
The jelly hits you.
You are splashed with acid.
You resist.
You hit the jelly but do no damage.
Your hands burn!
The jelly is severely wounded.
The bullfrog misses you. You furiously retaliate!
You headbutt the bullfrog, but do no damage.
The black bear bites you. The black bear misses you.
The black bear claws you but does no damage.
The jelly hits you but does no damage. You block the bullfrog's attack.
You hit the jelly.
Your hands burn!
The jelly is severely wounded.
The black bear bites you. The black bear completely misses you.
The black bear claws you but does no damage.
The bullfrog hits you. The jelly hits you.
You are splashed with acid.
You resist.
* * * LOW HITPOINT WARNING * * *
Unknown command.
You hit the jelly but do no damage.
Your hands burn!
* * * LOW HITPOINT WARNING * * *
You headbutt the jelly.
The jelly is almost dead.
You block the bullfrog's attack.
The black bear bites you but does no damage.
The black bear claws you.
* * * LOW HITPOINT WARNING * * *
The black bear claws you.
* * * LOW HITPOINT WARNING * * *
You hit the jelly but do no damage.
Your hands burn!
* * * LOW HITPOINT WARNING * * *
The jelly is almost dead.
The jelly hits you but does no damage. The bullfrog hits you.
* * * LOW HITPOINT WARNING * * *
You hit the jelly but do no damage.
Your hands burn!
* * * LOW HITPOINT WARNING * * *
The jelly is almost dead.
The bullfrog hits you.
* * * LOW HITPOINT WARNING * * *
The black bear misses you. You furiously retaliate!
You headbutt the black bear! The black bear claws you.
You die...

#.......# ###
##.......### ..#
###...........
#..#####..........###
.................###
..###.###..........
#.#.....#.....###..
#.##.#.⌠.⌠.#.###......
#...F@J.>..'.# #....##
.....##h#.⌠.⌠.####).####
... #.#.....#....## .
.[###'####### ........#
#.#.###.## ....# #.. #
#...## ##. . . #.


You could see a black bear, a bullfrog and a jelly.

Vanquished Creatures
  Duvessa (D:6)
  A necrophage (Temple)
  An ice beast (D:5)
  A phantom (D:4)
  3 scorpions
  Dowan (D:6)
  2 water moccasin skeletons (D:5)
  A jelly (D:6)
  2 bullfrog zombies (D:5)
  A hound (D:5)
  Crazy Yiuf (D:4)
  Jessica (D:3)
  3 iguanas
  3 orc wizards
  A killer bee zombie (D:6)
  2 hound skeletons (D:5)
  4 gnolls (D:5)
  6 adders
  2 white imps (D:5)
  2 worms (D:4)
  2 dart slugs (D:1)
  12 orcs
  2 ball pythons
  2 bats
  5 endoplasms
  2 giant cockroaches (D:3)
  6 goblins
  3 hobgoblins
  6 jackals
  6 kobolds
  2 quokkas (D:3)
  2 frilled lizards
  4 rats
93 creatures vanquished.

Notes
Turn   | Place    | Note
-------+----------+-------------------------------------------
     0 | D:5      | cbfl8 the Minotaur Delver began the quest for the Orb.
     0 | D:5      | Reached XP level 1. HP: 19/19 MP: 0/0
    18 | D:5      | Reached XP level 2. HP: 18/27 MP: 1/1
    18 | D:5      | Reached XP level 3. HP: 22/33 MP: 2/2
   444 | D:5      | Noticed an ice beast
   454 | D:5      | Killed an ice beast
   455 | D:5      | Reached skill level 1 in Armour
   455 | D:5      | Reached skill level 5 in Stealth
   455 | D:5      | Reached XP level 4. HP: 14/40 MP: 3/3
   455 | D:5      | Reached XP level 5. HP: 17/46 MP: 4/4
  1888 | D:1      | Found a faded altar of an unknown god.
  2850 | D:3      | Found a hide-covered altar of Uskayaw.
  2910 | D:3      | Noticed Jessica
  2919 | D:3      | Killed Jessica
  2929 | D:3      | Reached XP level 6. HP: 39/53 MP: 5/5
  3324 | D:3      | Found an ornate altar of the Wu Jian Council.
  4268 | D:4      | Found a runed translucent door.
  4269 | D:4      | Noticed Crazy Yiuf
  4281 | D:4      | Killed Crazy Yiuf
  4282 | D:4      | Identified the +1 mace "Vezaoxom" {speed, rF+ rC++ Dex+5}
  4612 | D:4      | Reached XP level 7. HP: 60/60 MP: 6/6
  4840 | D:5      | Reached skill level 5 in Fighting
  4840 | D:5      | Reached skill level 5 in Axes
  4840 | D:5      | Reached skill level 1 in Maces & Flails
  5715 | D:6      | Noticed Dowan
  5716 | D:6      | Noticed Duvessa
  5740 | D:6      | Killed Duvessa
  5741 | D:6      | Reached XP level 8. HP: 45/69 MP: 7/7
  5755 | D:6      | Killed Dowan
  6110 | D:6      | Found a staircase to the Ecumenical Temple.
  6116 | Temple   | Entered the Ecumenical Temple
  6121 | Temple   | Reached skill level 5 in Armour
  6557 | Temple   | Became a worshipper of Qazlal Stormbringer
  6593 | D:6      | HP: 1/69 [bullfrog (4)]
  6593 | D:6      | Slain by a black bear

Illustrated notes

Levels and vault maps discovered:
D:1:      minmay_arrival_shattered_statue, layout_loops_ring,
          ebering_ecumenical_altar_mist, minmay_misc_feat_columns
D:2:      layout_rooms, serial_aquarium, aquarium_bridge_square
          [aquarium_subvault_balcony, aquarium_subvault_bridge,
          aquarium_subvault_window, aquarium_subvault_wall],
          aquarium_window_corner, aquarium_window_fake, aquarium_window_2,
          aquarium_view_2d, aquarium_view_2a, minmay_hedge_maze,
          hangedman_abyss_or_decor_stabs, minmay_tall_x
D:3:      layout_loops_ring, general_overflow_altar,
          nicolae_overflow_hidden_temple, kennysheep_generic_room_7,
          uniq_jessica
D:4:      layout_rooms, cheibrodos_sewer_entry_bend, uniq_crazy_yiuf_cottage
D:5:      layout_gridville, minmay_misc_feat_five
D:6:      layout_rooms, trog_ov_bears_minmay, minmay_temple_entry_hall,
          uniq_menkaure, uniq_duvessa
Temple:   regret_index_temple_sphere_string

Skill      XL: |  1  2  3  4  5  6  7  8 |
---------------+-------------------------+-----
Dodging        | 3 4 |  4.5
Fighting       | 4 5 |  5.6
Armour         | 1 2 3 4 5 |  5.0
Stealth        | 5 |  5.9
Axes           | 3 4 5 |  5.3
Maces & Flails | 3 4 |  4.6
Shields        | |  0.6

Action                   |  1- 3 |  4- 6 |  7- 9 || total
-------------------------+-------+-------+-------++-------
Melee: Hand axe          |    23 |   244 |       ||   267
       Headbutt          |     3 |    45 |    33 ||    81
       Mace              |       |     6 |   108 ||   114
  Use: Scroll            |     1 |     1 |       ||     2
 Stab: Sleeping          |       |     9 |       ||     9
Armor: Leather armour    |     2 |     3 |       ||     5
       Ring mail         |       |    58 |     4 ||    62
       Scale mail        |       |       |    39 ||    39
Dodge: Dodged            |    15 |   108 |    56 ||   179
Block: Buckler           |       |       |    17 ||    17
